 Dungeon Crawl Stone Soup version 0.23-a0-241-g3b46b07 (webtiles) character file.

158 Felrender the Skirmisher (level 5, -2/47 HPs)
             Began as a Hill Orc Fighter on Sept 26, 2018.
             Killed by nerve-wracking pain
             ... invoked by an orc priest
              (13 damage)
             ... on level 3 of the Dungeon.
             The game lasted 00:04:07 (1415 turns).

Felrender the Skirmisher (Hill Orc Fighter)         Turns: 1415, Time: 00:04:08

Health: -2/47      AC:  7    Str: 20    XL:     5   Next: 40%
Magic:  5/5        EV: 13    Int:  8    God:
Gold:   137        SH: 10    Dex: 15    Spells: 4/4 levels left

rFire    . . .     SeeInvis .   a - +0 long sword
rCold    . . .     Gourm    .   c - +0 shield
rNeg     . . .     Faith    .   b - +0 scale mail
rPois    .         Spirit   .   (no helmet)
rElec    .         Reflect  .   (no cloak)
rCorr    .         Harm     .   (no gloves)
MR       .....                  (no boots)
Stlth    +.........             e - amulet of regeneration
HPRegen  0.55/turn              (no ring)
MPRegen  0.09/turn              (no ring)

@: agile
A: no striking features
a: Convert to Beogh


You were on level 3 of the Dungeon.
You were not hungry.

You visited 1 branch of the dungeon, and saw 3 of its levels.

You collected 137 gold pieces.

Inventory:

Hand Weapons
 a - a +0 long sword (weapon)
Armour
 b - a +0 scale mail (worn)
 c - a +0 shield (worn)
Jewellery
 e - an amulet of regeneration (around neck)
Scrolls
 h - a scroll of teleportation
 i - a scroll of remove curse
Potions
 g - a potion of brilliance
Comestibles
 f - 2 rations
 k - 3 chunks of flesh


   Skills:
 + Level 4.4 Fighting
 + Level 3.9 Long Blades
 + Level 4.0 Armour
 + Level 0.7 Dodging
 + Level 4.2 Shields


You had 4 spell levels left.
You didn't know any spells.
Your spell library was empty.

Dungeon Overview and Level Annotations

Branches:
Dungeon (3/15)

Altars:


Message History

* * * LOW HITPOINT WARNING * * *
You slash the orc priest!
The orc priest shouts, "Beogh is our master!
Accept the truth or die!"
The orc priest is severely wounded.
The orc priest shouts, "Join the one true god or die!"
The orc priest closely misses you.
You barely miss the orc priest.
The orc priest is severely wounded.
The orc priest invokes the aid of Beogh against you.
Pain shoots through your body!
* * * LOW HITPOINT WARNING * * *
You closely miss the orc priest.
The orc priest is severely wounded.
The orc priest hits you but does no damage.
You closely miss the orc priest.
The orc priest is severely wounded.
The orc priest shouts, "Join the one true god or die!"
The orc priest calls down the wrath of Beogh upon you.
Pain shoots through your body!
You die...

##..............
###.....#####...###
#.......#
#...>...###
#.#.....#
#.......... #
##....###[......#
#...(....#...###
.....#...####(..#
####....... ##.##
##.##.##.##@# #.
#.# ##o# #.
.......o# #.
#.##%....
#.##......
.........
.........##
#####.....# #######


You could see an orc priest and an orc.

Vanquished Creatures
  2 orc wizards (D:3)
  Terence (D:2)
  2 adders (D:2)
  An ooze (D:3)
  A worm (D:3)
  3 dart slugs
  A leopard gecko (D:1)
  2 orcs (D:3)
  A ball python (D:1)
  3 giant cockroaches
  2 goblins
  2 hobgoblins
  12 jackals
  A bat (D:3)
  A frilled lizard (D:3)
  4 kobolds
  9 rats
48 creatures vanquished.

Notes
Turn   | Place    | Note
-------+----------+-------------------------------------------
     0 | D:1      | Felrender the Hill Orc Fighter began the quest for the Orb.
     0 | D:1      | Reached XP level 1. HP: 19/19 MP: 1/1
   249 | D:1      | Reached XP level 2. HP: 25/27 MP: 2/2
   610 | D:2      | Reached XP level 3. HP: 33/33 MP: 3/3
   767 | D:2      | Noticed Terence
   792 | D:2      | Killed Terence
   792 | D:2      | Reached XP level 4. HP: 14/40 MP: 4/4
  1397 | D:3      | Reached XP level 5. HP: 21/47 MP: 5/5
  1415 | D:3      | Killed from afar by an orc priest

Vault maps used:
D:1:      enne_arrival_octagon_isle, kennysheep_doodads
D:2:      first_ration, uniq_terence

Skill      XL: |  1  2  3  4  5 |
---------------+----------------+-----
Fighting       | 4 |  4.4
Long Blades    | 3 |  3.9
Shields        | 4 |  4.2
Armour         | 4 |  4.0
Dodging        | |  0.7

Action                   |  1- 3 |  4- 6 || total
-------------------------+-------+-------++-------
Melee: Long sword        |    98 |    73 ||   171
  Use: Scroll            |     7 |     1 ||     8
       Potion            |     1 |     2 ||     3
  Eat: Ration            |       |     1 ||     1
Armor: Scale mail        |    43 |    29 ||    72
Dodge: Dodged            |    33 |    24 ||    57
Block: Shield            |    59 |    32 ||    91
       Rpst.: Long sword |    14 |     7 ||    21

Table legend:
 A = Non-vault XP
 B = Vault XP
 C = Vault XP percentage of total XP
 D = Non-vault monster count
 E = Vault monster count
 F = Vault count percentage of total count
                 A         B        C        D         E       F
            +---------+---------+-------+---------+---------+-------
      Total |     191 |      36 |  15.9 |      47 |       1 |   2.1
            +---------+---------+-------+---------+---------+-------
        D:1 |      26 |       0 |   0.0 |      13 |       0 |   0.0
        D:2 |      48 |      36 |  42.9 |      13 |       1 |   7.1
        D:3 |     117 |       0 |   0.0 |      21 |       0 |   0.0
            +---------+---------+-------+---------+---------+-------
